AoeStats
← Jappe42

Black Forest

510390183Analyzed
3v3 RM · 16h ago on Sep 30, 2026· 82m 33s· 6 players
Game mode
Random Map
Map size
Normal (6 player)
Population
200
Speed
Normal
Resources
Standard
Victory
Conquest
Starting age
Dark Age
Ending age
Imperial Age
RankedLock teamsTeams togetherTeam positionsShared explorationLock speedFull tech treeHidden civsTurbo modeCheats
Victory
Defeat
🇩🇪 Britons · Germany
938
+37
🇧🇪 Malay · Belgium
922
+17
🇹🇷 Bohemians · Türkiye
911
+17
🇺🇸 Vietnamese · United States
982
-18
🇺🇸 Lithuanians · United States
955
-17
🇧🇷 Khmer · Brazil
894
-15
BumBachi
11:01 Feudal Age
12:43 Horse Collar
12:50 Double-Bit Axe
12:57 Gold Mining
16:47 Castle Age
20:14 Wheelbarrow
19:55 Fletching
21:15 Heavy Plow
22:49 Gold Shaft Mining
22:05 Stone Mining
22:22 Town Watch
22:42 Bodkin Arrow
23:20 Padded Archer Armor
23:44 Ballistics
23:27 Crossbowman
24:25 Leather Archer Armor
26:52 Hand Cart
26:23 Loom
26:38 Town Patrol
31:13 Imperial Age
32:12 Bracer
32:44 Ring Archer Armor
31:37 Arbalester
33:20 Chemistry
32:01 Treadmill Crane
32:52 Caravan
33:03 Guilds
33:51 Conscription
34:07 Yeomen
33:09 Elite Longbowman
35:30 Murder Holes
35:23 Arrowslits
40:24 Masonry
40:53 Hoardings
50:32 Coinage
51:02 Elite Skirmisher
79:19 Warwolf
GRIFS_RAPLANC_CSMPFJ
0:29 Loom
13:14 Feudal Age
13:43 Horse Collar
13:51 Double-Bit Axe
23:59 Castle Age
22:02 Fletching
22:16 Scale Mail Armor
22:33 Man-at-Arms
24:55 Heavy Plow
25:08 Bow Saw
25:05 Long Swordsman
25:08 Pikeman
25:48 Squires
29:29 Wheelbarrow
28:39 Town Watch
30:39 Chain Mail Armor
30:36 Town Watch
30:52 Light Cavalry
32:44 Caravan
32:47 Elite Skirmisher
38:14 Imperial Age
36:23 Wagenburg Tactics
38:19 Bodkin Arrow
38:34 Forging
38:26 Padded Archer Armor
39:30 Conscription
40:14 Hand Cart
40:32 Siege Engineers
40:38 Masonry
40:07 Light Cavalry
40:22 Halberdier
42:17 Two-Handed Swordsman
43:52 Ballistics
43:37 Bracer
44:06 Cavalier
49:05 Elite Hussite Wagon
54:27 Chemistry
59:47 Houfnice
67:33 Husbandry
82:17 Town Patrol
83:11 Hussite Reforms
Jappe42
5:41 Loom
12:39 Feudal Age
17:01 Castle Age
16:09 Double-Bit Axe
16:11 Horse Collar
22:56 Heavy Plow
24:37 Wheelbarrow
26:38 Hand Cart
27:03 Caravan
27:05 Town Watch
27:36 Bow Saw
29:33 Husbandry
30:12 Ballistics
30:22 Forging
30:18 Scale Barding Armor
30:04 Fletching
30:15 Padded Archer Armor
33:31 Imperial Age
31:56 Iron Casting
33:46 Bodkin Arrow
33:54 Man-at-Arms
34:36 Squires
34:23 Arson
34:46 Elite Battle Elephant
36:31 Blast Furnace
36:15 Crop Rotation
35:12 Long Swordsman
36:38 Conscription
37:04 Bracer
38:19 Two-Handed Swordsman
39:12 Forced Levy
39:28 Onager
PsicoDelico
13:19 Feudal Age
12:56 Loom
14:45 Wheelbarrow
14:26 Double-Bit Axe
17:35 Castle Age
19:00 Bow Saw
18:33 Horse Collar
20:52 Heavy Plow
22:01 Hand Cart
21:36 Town Watch
22:07 Hand Cart
29:21 Caravan
33:03 Imperial Age
36:54 Chemistry
35:29 Light Cavalry
36:20 Bloodlines
36:25 Forging
36:20 Scale Barding Armor
36:06 Fletching
37:16 Fortified Wall
37:18 Masonry
37:30 Ballistics
37:47 Iron Casting
37:00 Hussar
37:45 Husbandry
39:01 Crop Rotation
38:02 Heavy Scorpion
40:29 Conscription
40:10 Double Crossbow
41:29 Blast Furnace
40:25 Bodkin Arrow
40:51 Chain Barding Armor
49:54 Town Patrol
50:03 Siege Engineers
50:36 Plate Barding Armor
50:02 Bracer
68:19 Hoardings
72:57 Padded Archer Armor
KingYankee1
0:38 Loom
12:24 Feudal Age
12:53 Horse Collar
13:10 Gold Mining
13:10 Double-Bit Axe
14:25 Wheelbarrow
19:06 Castle Age
19:14 Stone Mining
20:09 Hand Cart
20:12 Bow Saw
23:13 Caravan
26:50 Heavy Plow
33:13 Imperial Age
32:33 Scale Barding Armor
32:40 Forging
32:52 Scale Mail Armor
32:16 Man-at-Arms
34:20 Chain Barding Armor
35:07 Iron Casting
34:23 Elite Leitis
36:26 Tower Shields
37:38 Chemistry
36:49 Masonry
36:35 Murder Holes
37:44 Plate Barding Armor
37:16 Elite Skirmisher
37:51 Fletching
38:17 Chain Mail Armor
37:26 Long Swordsman
38:16 Husbandry
38:27 Bloodlines
38:43 Imperial Skirmisher
39:35 Padded Archer Armor
39:32 Bodkin Arrow
41:10 Leather Archer Armor
40:24 Two-Handed Swordsman
40:50 Arson
41:06 Squires
41:22 Pikeman
44:04 Two-Man Saw
45:06 Ring Archer Armor
44:45 Bracer
48:06 Halberdier
Uncle_Buck
0:29 Loom
14:14 Feudal Age
14:58 Double-Bit Axe
19:09 Castle Age
18:38 Horse Collar
19:05 Town Watch
21:27 Wheelbarrow
27:04 Crossbowman
28:42 Fletching
29:54 Bodkin Arrow
30:19 Thumb Ring
30:43 Padded Archer Armor
32:27 Leather Archer Armor
36:08 Imperial Age
33:51 Heavy Plow
33:34 Elite Skirmisher
35:26 Ballistics
36:54 Bracer
38:01 Chemistry
38:16 Ring Archer Armor
39:35 Arbalester
39:36 Imperial Skirmisher
49:14 Siege Engineers
51:47 Scale Barding Armor
51:53 Forging
53:03 Bloodlines
52:14 Elite Battle Elephant
54:09 Chain Barding Armor
54:25 Iron Casting
55:48 Plate Barding Armor
56:15 Gold Mining
57:19 Chatras
60:06 Pikeman
60:08 Elite Fire Lancer
61:07 Scale Mail Armor
61:46 Pikeman
62:44 Chain Mail Armor
62:30 Pikeman
63:13 Halberdier
64:25 Plate Mail Armor
74:37 Treadmill Crane
Connection lost

Rejoining the realm…

Still unreachable

The connection could not be restored.

Session expired

The server has moved on; the page needs a fresh start.